 Dungeon Crawl Stone Soup version 0.29-a0-317-gd16b76e6b1 (webtiles) character file.

Game seed: 4958939057219474886

2466 Dabor the Skirmisher (level 9, -3/85 HPs)
             Began as a Gargoyle Fighter on Mar 30, 2022.
             Was a Follower of Okawaru.
             Slain by a fire elemental (8 damage)
             ... created by the fiery vengeance of Ignis
             ... on level 7 of the Dungeon.
             The game lasted 00:14:24 (7238 turns).

Dabor the Skirmisher (Gargoyle Fighter)             Turns: 7238, Time: 00:14:25

Health: -3/85      AC: 24    Str: 22    XL:     9   Next: 50%
Magic:  8/9        EV: 11    Int:  9    God:    Okawaru [*.....]
Gold:   662        SH:  5    Dex: 13    Spells: 8/8 levels left

rFire   . . .      SeeInvis +   y - +2 mace (protect)
rCold   . . .      Faith    .   c - +0 buckler
rNeg    + . .      Spirit   .   b - +0 scale mail
rPois   ∞          Reflect  .   (no helmet)
rElec   +          Harm     .   (no cloak)
rCorr   .          Rampage  .   n - +0 pair of gloves
Will    +....                   (no boots)
Stlth   ..........              j - amulet of regeneration
HPRegen 1.04/turn               i - ring of see invisible
MPRegen 0.11/turn               (no ring)

@: berserking, under a protective aura, hasted, fire susceptible, very quick
A: sickness immunity, AC +6, negative energy resistance 1, electricity
resistance, torment resistance 1, petrification resistance, iridescent scales 1,
thin skeletal structure 1, strong-willed 1
a: Renounce Religion, Heroism


You were on level 7 of the Dungeon.
You worshipped Okawaru.
Okawaru was aware of your devotion.
You visited 2 branches of the dungeon, and saw 8 of its levels.
You also visited: Ossuary.

You collected 662 gold pieces.

Inventory:

Hand Weapons
 y - a +2 mace of protection (weapon)
Missiles
 w - 3 boomerangs
 x - a silver boomerang (quivered)
Armour
 b - a +0 scale mail (worn)
 c - a +0 buckler (worn)
 n - a +0 pair of gloves (worn)
Jewellery
 i - a ring of see invisible (left hand)
 j - an amulet of regeneration (around neck)
 l - an amulet of guardian spirit
Wands
 o - a wand of flame (9)
Scrolls
 e - a scroll of torment
 f - 3 scrolls of fear {unknown}
 k - a scroll of immolation
 s - 2 scrolls of identify
 v - a scroll of brand weapon {unknown}
Potions
 r - a potion of mutation


   Skills:
 + Level 7.3 Fighting
 + Level 6.3 Maces & Flails
 - Level 2.0 Throwing
 + Level 7.3 Armour
 + Level 3.3 Dodging
 - Level 3.0 Stealth
 - Level 5.5 Shields


You had 8 spell levels left.
You didn't know any spells.
Your spell library contained the following spells:

 Spells                   Type           Power      Damage    Failure   Level
 Alistair's Intoxication  Tmut/Pois      0%         N/A       100%        5
 Borgnjor's Vile Clutch   Necr/Erth      0%         N/A       100%        5
 Eringya's Noxious Bog    Tmut/Pois      0%         N/A       100%        6


Dungeon Overview and Level Annotations

Branches:
Dungeon (7/15)             Temple (1/1) D:6         Ossuary (visited)

Altars:
Ashenzari
Cheibriados
Dithmenos
Elyvilon
Fedhas
Gozag
Hepliaklqana
Kikubaaqudgha
Makhleb
Nemelex Xobeh
Okawaru
Qazlal
Ru
Sif Muna
Trog
Uskayaw
Vehumet
Wu Jian
Xom
Yredelemnul
Zin
The Shining One
Ignis

Annotations:
D:1 1 runed translucent door


Innate Abilities, Weirdness & Mutations

You are immune to sickness and miasma.
Your stone body is resilient. (AC +6)
You are immune to poison.
You resist negative energy. (rN+)
You are resistant to electric shocks. (rElec)
You are resistant to unholy torment.
You are immune to petrification.
You are partially covered in iridescent scales. (AC +2)
You have a somewhat thin skeletal structure. (Dex +2, Stealth+)
You are strong-willed. (Will+)


Message History

The fire elemental closely misses you.
The fire elemental barely misses you. "These will know how to inflict the punishment due to you!" 3 fire elementals come into view.
As you read the scroll labelled YGENUE EGHIAGAIT, it crumbles to dust.
You speak a Word of immense power!
It was a scroll of holy word.
You block the fire elemental's attack.
As you read the scroll labelled HAOQAY UNARI, it crumbles to dust.
It is a scroll of enchant weapon.
Your +1 mace of protection glows red for a moment.
You feel like a meek peon again. The fire elemental barely misses you.
The fire elemental hits you. The fire elemental burns you!
As you read the scroll labelled RINTEGY SAUMO, it crumbles to dust.
It is a scroll of amnesia.
You feel forgetful for a moment. The fire elemental hits you.
The fire elemental burns you! The fire elemental hits you.
The fire elemental burns you! The fire elemental hits you.
The fire elemental burns you!
* * * LOW HITPOINT WARNING * * *
You feel better. The fire elemental barely misses you.
You block the fire elemental's attack. The fire elemental misses you.
The fire elemental barely misses you.
It was a potion of haste.
You feel yourself speed up. You block the fire elemental's attack.
The fire elemental barely misses you. You block the fire elemental's attack.
The fire elemental barely misses you. The fire elemental hits you.
The fire elemental burns you!
* * * LOW HITPOINT WARNING * * *
It was a potion of berserk rage.
A red film seems to cover your vision as you go berserk!
You feel yourself moving faster!
You feel mighty! The fire elemental barely misses you.
The fire elemental hits you. The fire elemental burns you!
* * * LOW HITPOINT WARNING * * *
The fire elemental hits you. The fire elemental burns you!
* * * LOW HITPOINT WARNING * * *
You thump the fire elemental!
Your weapon exudes an aura of protection.
The fire elemental is heavily damaged.
The fire elemental hits you. The fire elemental burns you!
You die...

.....######### #.....#
#..........# #.....#
#..........# +.....#
#..........# #.....#
#..........######!#..#
#..............##.##.#
+.............##...###
#............##E..$.## #
#...........EE@E.8...+
.....########..###...###
..... #### ..# . .. .# .
# . . . .


You could see 4 fire elementals.

Vanquished Creatures
  Sigmund (D:3)
  A fire elemental (D:7)
  3 vampire mosquitoes (D:7)
  3 water moccasins
  2 sky beasts (D:6)
  An ice beast (D:7)
  A black bear (D:7)
  2 ogres
  2 centaurs (D:7)
  A scorpion (D:6)
  A necrophage (D:6)
  A howler monkey (D:5)
  4 hounds
  5 jellies
  A gnoll shaman (D:5)
  A human zombie (Ossuary)
  An orc priest (D:7)
  Jessica (D:3)
  3 orc wizards
  2 mummies (Ossuary)
  6 adders
  7 gnolls
  A shadow imp (D:6)
  A white imp (D:7)
  An ufetubus (D:6)
  2 worms
  3 dart slugs
  20 orcs
  3 ball pythons
  15 endoplasms
  4 giant cockroaches
  3 gnoll zombies (Ossuary)
  3 goblins (D:1)
  2 hobgoblins (D:2)
  2 jackals (D:5)
  13 kobolds
  2 quokkas
  5 bats
  6 frilled lizards
  3 goblin zombies (Ossuary)
  3 hobgoblin zombies (Ossuary)
  4 orc zombies (Ossuary)
  7 rats
153 creatures vanquished.

Vanquished Creatures (others)
  3 fungi (D:4)
  9 toadstools (D:4)
12 creatures vanquished.

Grand Total: 165 creatures vanquished

Notes
Turn   | Place    | Note
-------+----------+-------------------------------------------
     0 | D:1      | Dabor the Gargoyle Fighter began the quest for the Orb.
     0 | D:1      | Reached XP level 1. HP: 14/14 MP: 1/1
     1 | D:1      | Found a runed translucent door.
   223 | D:1      | Reached XP level 2. HP: 19/19 MP: 2/2
   853 | D:1      | Reached XP level 3. HP: 14/23 MP: 3/3
  1214 | D:2      | Found a shimmering altar of Xom.
  1699 | D:2      | Reached XP level 4. HP: 29/29 MP: 4/4
  2357 | D:3      | Found a faded altar of an unknown god.
  2368 | D:3      | Prayed at the altar of an unknown god.
  2368 | D:3      | Became a worshipper of Ignis, the Dying Flame
  2486 | D:3      | Noticed Sigmund
  2560 | D:3      | Killed Sigmund
  2561 | D:3      | Reached XP level 5. HP: 27/34 MP: 5/5
  2561 | D:3      | Reached XP level 6. HP: 31/39 MP: 6/6
  2900 | D:3      | Noticed Jessica
  2908 | D:3      | Killed Jessica
  3282 | D:4      | Gained mutation: You have a somewhat thin skeletal
                  | structure. (Dex +2, Stealth+) [potion of mutation]
  3282 | D:4      | Gained mutation: You are partially covered in iridescent
                  | scales. (AC +2) [potion of mutation]
  3282 | D:4      | Gained mutation: You are strong-willed. (Will+) [potion of
                  | mutation]
  3729 | D:4      | Found an ornate altar of the Wu Jian Council.
  3795 | D:4      | Reached skill level 5 in Fighting
  3797 | D:4      | Reached skill level 5 in Shields
  3798 | D:4      | Reached XP level 7. HP: 22/44 MP: 3/7
  3803 | D:4      | Reached skill level 5 in Armour
  4247 | D:5      | Entered Level 5 of the Dungeon
  4566 | D:5      | Found a sand-covered staircase.
  4570 | D:5      | Identified the +3 spear "Raikhas" {vorpal, rPois Stlth+}
  4578 | Ossuary  | Entered an ossuary
  5378 | D:6      | Reached skill level 1 in Stealth
  5378 | D:6      | Reached XP level 8. HP: 51/51 MP: 8/8
  5394 | D:6      | Reached skill level 1 in Throwing
  5520 | D:6      | Reached skill level 1 in Dodging
  5529 | D:6      | Reached skill level 5 in Maces & Flails
  5738 | D:6      | Found a staircase to the Ecumenical Temple.
  5898 | Temple   | Entered the Ecumenical Temple
  6203 | Temple   | Fell from the grace of Ignis
  6203 | Temple   | Became a worshipper of Warmaster Okawaru
  6954 | D:7      | Reached XP level 9. HP: 41/56 MP: 9/9
  7115 | D:7      | Reached * piety under Okawaru
  7237 | D:7      | HP: 4/85 [fire elemental[the fiery vengeance of Ignis] (7)]
  7238 | D:7      | Slain by a fire elemental

Illustrated notes

Levels and vault maps discovered:
D:1:      dpeg_arrival_caged_fury, layout_basic
D:2:      layout_basic, basic_altar, minmay_circled_x
D:3:      layout_rooms, nicolae_ecumenical_pavilion, uniq_jessica, uniq_sigmund
D:4:      cheibrodos_fertilizer, layout_cave_pools,
          mainiacjoe_overflow_alcove_4, dreamdust_gnoll_farm
D:5:      layout_rooms, enter_ossuary_2
D:6:      layout_cave_pods, minmay_temple_entry_large_hall
D:7:      layout_gridville, grunt_ministairs_14, minmay_misc_feat_diagonals
Temple:   roderic_octagonal_lattice_temple

Skill      XL: |  1  2  3  4  5  6  7  8  9 |
---------------+----------------------------+-----
Fighting       | 4 5 6 7 |  7.3
Maces & Flails | 3 4 5 6 |  6.3
Armour         | 4 5 6 7 |  7.3
Shields        | 4 5 |  5.5
Stealth        | 1 3 |  3.0
Throwing       | 2 |  2.0
Dodging        | 2 3 |  3.3

Action                   |  1- 3 |  4- 6 |  7- 9 || total
-------------------------+-------+-------+-------++-------
Melee: Flail             |   125 |   143 |    90 ||   358
       Spear             |       |       |   121 ||   121
       Mace              |       |       |   209 ||   209
Throw: Boomerang         |       |       |     9 ||     9
Invok: Fiery Armour      |       |       |     1 ||     1
       Heroism           |       |       |     3 ||     3
  Use: Scroll            |       |     3 |    10 ||    13
       Potion            |       |     7 |     6 ||    13
 Stab: Sleeping          |       |       |     1 ||     1
Armor: Scale mail        |    63 |    86 |   328 ||   477
       Skin              |       |    50 |       ||    50
Dodge: Dodged            |    66 |    93 |   293 ||   452
Block: Buckler           |    31 |    46 |   148 ||   225

Table legend: (Time is in decaauts)
 A = Elapsed time spent in this place.
 B = Non-inter-level travel time spent in this place.
 C = Inter-level travel time spent in this place.
 D = Time resting spent in this place.
 E = Time spent auto-exploring this place.
 F = Levels seen in this place.
 G = Mean time per level.
                   A        B        C        D        E       F      G
               +--------+--------+--------+--------+--------+-----+--------+
         Total |   7400 |   6899 |    501 |    219 |   5016 |   9 |  822.2 |
       Dungeon |   6772 |   6327 |    445 |    219 |   4575 |   7 |  967.4 |
        Temple |    323 |    268 |     55 |      0 |    246 |   1 |  323.0 |
       Ossuary |    304 |    304 |      0 |      0 |    195 |   1 |  304.0 |
               +--------+--------+--------+--------+--------+-----+--------+

Top non-repeatable levels by time:
     D:2: 1308 daAuts
     D:6: 1276 daAuts
     D:1: 1094 daAuts
     D:4: 1083 daAuts
     D:3: 862 daAuts
     D:5: 743 daAuts
     D:7: 403 daAuts
  Temple: 323 daAuts
 Ossuary: 304 daAuts
